 Dungeon Crawl Stone Soup version 0.28.0-53-g5a82cb258f (webtiles) character file.

Game seed: 8578883880450309969

28 MisterFreud the Covert (level 3, -2/33 (35) HPs)
             Began as a Gnoll Delver on June 15, 2022.
             Slain by a wight
             ... wielding a +5 long sword
              (12 damage)
             ... in an ossuary.
             The game lasted 00:00:47 (533 turns).

MisterFreud the Covert (Gnoll Delver)                Turns: 533, Time: 00:00:48

HP:   -2/33 (35)    AC:  3    Str: 11    XL:     3   Next: 14%
MP:   3/3           EV: 13    Int: 11    God:
Gold: 23            SH:  0    Dex: 13    Spells: 3/3 levels left

rFire   . . .      SeeInvis .   a - +0 short sword
rCold   . . .      Faith    .   (no shield)
rNeg    . . .      Spirit   .   b - +0 leather armour
rPois   .          Reflect  .   (no helmet)
rElec   .          Harm     .   (no cloak)
rCorr   .          Rampage  .   (no gloves)
Will    .....                   (no boots)
Stlth   ++++......              (no amulet)
HPRegen 0.11/turn               (no ring)
MPRegen 0.08/turn               (no ring)

@: drained
A: fangs 1, strong nose, distributed training
a: no special abilities


You were in an ossuary.
You visited 1 branch of the dungeon, and saw 3 of its levels.
You also visited: Ossuary.

You collected 23 gold pieces.

Inventory:

Hand Weapons
 a - a +0 short sword (weapon)
Armour
 b - a +0 leather armour (worn)
Wands
 g - a wand of digging (3)
Scrolls
 c - a scroll of fog
 e - a scroll of fear
Potions
 f - a potion of haste
 h - a potion of attraction {unknown}
 i - a potion of lignification {unknown}
 j - a potion of might {unknown}


   Skills:
 + Level 6.5 Fighting
 + Level 4.5 Short Blades
 + Level 0.6 Long Blades
 + Level 0.6 Axes
 + Level 0.6 Maces & Flails
 + Level 0.6 Polearms
 + Level 0.6 Staves
 + Level 0.6 Slings
 + Level 0.6 Bows
 + Level 0.6 Crossbows
 + Level 0.6 Throwing
 + Level 0.6 Armour
 + Level 4.5 Dodging
 + Level 9.5 Stealth
 + Level 0.6 Shields
 + Level 0.6 Unarmed Combat
 + Level 0.6 Spellcasting
 + Level 0.4 Conjurations
 + Level 0.4 Hexes
 + Level 0.4 Summonings
 + Level 0.4 Necromancy
 + Level 0.4 Translocations
 + Level 0.4 Transmutations
 + Level 0.4 Fire Magic
 + Level 0.4 Ice Magic
 + Level 0.4 Air Magic
 + Level 0.4 Earth Magic
 + Level 0.4 Poison Magic
 + Level 0.8 Invocations
 + Level 0.6 Evocations


You had 3 spell levels left.
You didn't know any spells.
Your spell library was empty.

Dungeon Overview and Level Annotations

Branches:
Dungeon (6/15)            Ossuary (1/1)
 Temple: D:4-7

Altars:


Innate Abilities, Weirdness & Mutations

You have very sharp teeth.
Your uncanny sense of smell can sniff out nearby items.
Your experience applies equally to all skills.


Message History

A ball python skeleton comes into view.
There is an open door here.
The helpless ball python skeleton fails to defend itself.
You stick the ball python skeleton like a pincushion!!!
You destroy the ball python skeleton!
You open the door.
A hobgoblin zombie comes into view.
There is an open door here.
The helpless hobgoblin zombie fails to defend itself.
You impale the hobgoblin zombie!!
You destroy the hobgoblin zombie!
You open the door.
A ball python skeleton comes into view.
The ball python skeleton barely misses you.
The ball python skeleton grabs you.
The ball python skeleton constricts you.
There is an open door here.
You hit the ball python skeleton.
The ball python skeleton is lightly damaged.
The ball python skeleton closely misses you.
The ball python skeleton constricts you.
A ball python skeleton is nearby!
You hit the ball python skeleton. You bite the ball python skeleton.
The ball python skeleton is almost destroyed.
The ball python skeleton closely misses you.
The ball python skeleton constricts you.
You hit the ball python skeleton but do no damage.
You bite the ball python skeleton.
You destroy the ball python skeleton!
No target in view!
HP restored.
As you open the door, it creaks loudly!
A wight comes into view. It is wielding a +5 long sword.
The wight hits you with a +5 long sword!
You feel drained.
You barely miss the wight. You bite the wight, but do no damage.
You closely miss the wight.
The wight hits you with a +5 long sword!
The wight hits you with a +5 long sword!
You die...

##### ##...## ##.....##
#.##....#########
#.#......##.#.#.#
##.##......#'#'#'#+#+##
#..#.......'...@......+
#..........#'#'#z#+#+##
##........##.#.#.#
##......#########
###...## ##...# #..###
#.## ##.##


You could see a wight.

Vanquished Creatures
  2 adders
  An ufetubus (D:6)
  A quokka (D:5)
  2 ball python skeletons (Ossuary)
  2 hobgoblin skeletons (Ossuary)
  A hobgoblin zombie (Ossuary)
9 creatures vanquished.

Notes
Turn   | Place    | Note
-------+----------+-------------------------------------------
     0 | D:5      | Reached skill level 9 in Stealth
     0 | D:5      | MisterFreud the Gnoll Delver began the quest for the Orb.
     0 | D:5      | Reached XP level 1. HP: 23/23 MP: 1/1
    31 | D:6      | Noticed a scorpion
   252 | D:5      | Reached XP level 2. HP: 16/29 MP: 2/2
   413 | D:4      | Reached XP level 3. HP: 35/35 MP: 3/3
   443 | D:4      | Found a sand-covered staircase.
   448 | Ossuary  | Entered an ossuary
   533 | Ossuary  | Slain by a wight

Illustrated notes

Levels and vault maps discovered:
D:4:      layout_layer_cave, nicolae_ossuary_entry_false_entrances,
          uniq_natasha, uniq_pikel
D:5:      layout_basic, nzn_hepliaklqana_mist_gate,
          minmay_temple_entry_statues_pillars, gammafunk_ghost_arena,
          kennysheep_small_spiral, nicolae_wooded_promenade
D:6:      layout_rooms, fedhas_altar_fruit_tree
Ossuary:  ossuary_due_cavern

Skill      XL: | |
---------------+-+-----
Stealth        | |  9.5
Fighting       | |  6.5
Short Blades   | |  4.5
Long Blades    | |  0.6
Axes           | |  0.6
Maces & Flails | |  0.6
Polearms       | |  0.6
Staves         | |  0.6
Slings         | |  0.6
Bows           | |  0.6
Crossbows      | |  0.6
Throwing       | |  0.6
Armour         | |  0.6
Dodging        | |  4.5
Shields        | |  0.6
Unarmed Combat | |  0.6
Spellcasting   | |  0.6
Conjurations   | |  0.4
Hexes          | |  0.4
Summonings     | |  0.4
Necromancy     | |  0.4
Translocations | |  0.4
Transmutations | |  0.4
Fire Magic     | |  0.4
Ice Magic      | |  0.4
Air Magic      | |  0.4
Earth Magic    | |  0.4
Poison Magic   | |  0.4
Invocations    | |  0.8
Evocations     | |  0.6

Action                   || total
-------------------------++-------
Melee: Short sword       ||    42
       Bite              ||     7
  Use: Scroll            ||     1
 Stab: Sleeping          ||     5
Armor: Leather armour    ||     6
Dodge: Dodged            ||    28
